 Dungeon Crawl Stone Soup version 0.26-a0-844-g3dd439832f (webtiles) character file.

Game seed: 13424917386871049640

84802 robertstho the Thaumaturge (level 15, -31/116 HPs)
             Began as a Gnoll Conjurer on Nov 17, 2020.
             Was an Elder of Sif Muna.
             Shot with a bolt by a naga sharpshooter (32 damage)
             ... on level 2 of the Snake Pit on Nov 18, 2020.
             The game lasted 01:49:00 (32261 turns).

robertstho the Thaumaturge (Gnoll Conjurer)        Turns: 32261, Time: 01:49:01

Health: -31/116    AC: 13    Str:  8    XL:     15   Next: 81%
Magic:  12/30      EV: 19    Int: 27    God:    Sif Muna [****..]
Gold:   2021       SH:  5    Dex: 14    Spells: 1/36 levels left

rFire    + . .     SeeInvis .   K - +0 arbalest
rCold    . . .     Faith    .   (shield currently unavailable)
rNeg     . . .     Spirit   .   M - +2 robe {Archmagi}
rPois    +         Reflect  +   c - +2 hat
rElec    .         Harm     .   z - +0 cloak
rCorr    +         Rampage  .   b - +0 pair of gloves
MR       +....                  F - +2 pair of boots
Stlth    +++++.....             A - amulet of reflection
HPRegen  0.29/turn              r - ring of Vynlukh {Wiz rPois rF+ Str-3 Int+2}
MPRegen  0.22/turn              d - ring of resist corrosion

@: lethally poisoned (-31 -> -55)
A: distributed training, fangs 1, strong nose
a: Channel Magic, Forget Spell, Divine Exegesis, Renounce Religion


You were on level 2 of the Snake Pit.
You worshipped Sif Muna.
Sif Muna was greatly pleased with you.
You visited 4 branches of the dungeon, and saw 22 of its levels.
You also visited: Bailey, Ice Cave and Volcano.

You collected 3095 gold pieces.
You spent 1074 gold pieces at shops.

Inventory:

Hand Weapons
 x - the +2 quarterstaff of the Harvest {vorpal, *Rage rPois MP+9 Dex+6}
   (You bought it in a shop on level 8 of the Dungeon)

   It inflicts extra damage upon your enemies.
   It affects your dexterity (+6).
   It protects you from poison.
   It affects your magic capacity (+9).
   It may make you go berserk in combat.
 E - the +7 whip "Ewaijaost" {flame, *Corrode +Rage Dex-2 SInv}
   (You found it on level 7 of the Dungeon)

   It has been specially enchanted to burn those struck by it, causing extra
   injury to most foes and up to half again as much damage against particularly
   susceptible opponents.
   It affects your dexterity (-2).
   It lets you see invisible.
   It lets you go berserk.
   It may corrode you when you take damage.
 K - a +0 arbalest (weapon)
 W - a +2 executioner's axe of flaming
Missiles
 a - 11 curare-tipped darts
 J - 386 bolts (quivered)
Armour
 b - a +0 pair of gloves (worn)
 c - a +2 hat (worn)
 m - +0 ice dragon scales
 z - a +0 cloak (worn)
 D - a +2 robe of fire resistance
 F - a +2 pair of boots (worn)
 M - a +2 robe of the Archmagi (worn)
Magical Staves
 g - an uncursed staff of cold
Jewellery
 d - a ring of resist corrosion (right hand)
 e - a +4 ring of protection
 j - an uncursed ring of protection from magic
 p - an uncursed ring of flight
 r - the ring of Vynlukh (left hand) {Wiz rPois rF+ Str-3 Int+2}
   (You found it in an ice cave)

   [ring of wizardry]

   It improves your spell success rate.
   It affects your strength (-3).
   It affects your intelligence (+2).
   It protects you from fire.
   It protects you from poison.
 y - a +4 ring of protection
 A - an amulet of reflection (around neck)
 U - an uncursed ring of protection from fire
 X - a +6 ring of intelligence
Wands
 Q - a wand of disintegration (25)
 V - a wand of digging (7)
 Z - a wand of iceblast (13)
Scrolls
 h - 9 scrolls of teleportation
 k - 6 scrolls of enchant armour
 n - 13 scrolls of remove curse
 q - 3 scrolls of fear
 v - 2 scrolls of blinking
 w - 4 scrolls of immolation
 G - 2 scrolls of summoning {unknown}
 H - 3 scrolls of enchant weapon
 N - a scroll of holy word {unknown}
 O - a scroll of brand weapon
 R - a scroll of silence
 S - 5 scrolls of fog
Potions
 f - 5 potions of lignification
 i - 3 potions of heal wounds
 l - 3 potions of flight
 o - 13 potions of curing
 s - 2 potions of berserk rage
 t - 3 potions of cancellation
 u - a potion of invisibility
 B - 6 potions of haste
 C - a potion of might
 I - a potion of brilliance
 L - a potion of magic
 T - 3 potions of mutation
 Y - a potion of ambrosia
Miscellaneous
 P - a condenser vane


   Skills:
 + Level 10.3 Fighting
 + Level 10.3 Short Blades
 + Level 10.3 Long Blades
 + Level 10.3 Axes
 + Level 10.3 Maces & Flails
 + Level 10.3 Polearms
 + Level 10.3 Staves
 + Level 10.3 Slings
 + Level 10.3 Bows
 + Level 10.3 Crossbows
 + Level 10.3 Throwing
 + Level 10.3 Armour
 + Level 11.2 Dodging
 + Level 11.1 Stealth
 + Level 10.3 Shields
 + Level 10.3 Unarmed Combat
 + Level 11.3 Spellcasting
 + Level 11.1 Conjurations
 + Level 8.7 Hexes
 + Level 8.7 Summonings
 + Level 8.7 Necromancy
 + Level 8.7 Translocations
 + Level 8.7 Transmutations
 + Level 8.7 Fire Magic
 + Level 8.7 Ice Magic
 + Level 8.7 Air Magic
 + Level 8.7 Earth Magic
 + Level 8.7 Poison Magic
 + Level 11.2 Invocations
 + Level 10.3 Evocations


You had one spell level left.
You knew the following spells:

 Your Spells              Type           Power        Failure   Level
a - Magic Dart            Conj           ####         1%          1
b - Searing Ray           Conj           ######       1%          2
c - Dazzling Flash        Conj/Hex       ######       1%          3
d - Fulminant Prism       Conj/Hex       #######...   1%          4
e - Iskenderun's Mystic   Conj/Tloc      #######.     1%          4
f - Apportation           Tloc           ######       1%          1
g - Sublimation of Blood  Necr           #######...   1%          2
h - Starburst             Conj/Fire      #######...   4%          6
i - Bolt of Magma         Conj/Fire/Erth #######...   1%          5
j - Orb of Destruction    Conj           #######...   13%         7

Your spell library contained the following spells:

 Spells                   Type           Power        Failure   Level
 Animate Skeleton         Necr           ######       1%          1
 Corona                   Hex            #######      1%          1
 Pain                     Necr           ####         1%          1
 Summon Small Mammal      Summ           ####         1%          1
 Call Canine Familiar     Summ           #######.     1%          3
 Conjure Flame            Conj/Fire      #######.     1%          3
 Summon Guardian Golem    Hex/Summ       #######.     1%          3
 Vampiric Draining        Necr           #######...   1%          3
 Animate Dead             Necr           #######...   1%          4
 Cause Fear               Hex            #######...   1%          4
 Olgreb's Toxic Radiance  Pois           #######.     1%          4
 Agony                    Necr           #######.     1%          5
 Irradiate                Conj/Tmut      #######...   1%          5
 Lightning Bolt           Conj/Air       #######...   1%          5
 Silence                  Hex/Air        #######...   1%          5
 Summon Forest            Summ/Tloc      #######...   1%          5
 Yara's Violent Unravell  Hex/Tmut       #######...   1%          5
 Conjure Ball Lightning   Conj/Air       #######...   4%          6
 Shadow Creatures         Summ           N/A          6%          6
 Discord                  Hex            #######...   92%         8


Dungeon Overview and Level Annotations

Branches:
Dungeon (12/15)            Temple (0/1) D:6            Lair (6/6) D:9
 Shoals (0/4) Lair:3        Snake (2/4) Lair:4        Slime (0/5) Lair:6
    Orc (2/2) D:9             Elf (0/3) Orc:2        Bailey (visited)
  IceCv (visited)         Volcano (visited)

Altars:
Ashenzari
Cheibriados
Elyvilon
Gozag
Hepliaklqana
Okawaru
Qazlal
Sif Muna
Trog
Wu Jian
Xom
Yredelemnul
Zin
The Shining One
Jiyva

Shops:
D:8 :(   Orc:2 =*[((   Snake:1 !}

Annotations:
D:10 2 runed translucent doors
D:12 Frances
Snake:2 Aizul, Asterion


Innate Abilities, Weirdness & Mutations

Your experience applies equally to all skills.
You have very sharp teeth.
Your uncanny sense of smell can sniff out nearby items.


Message History

* * * LOW HITPOINT WARNING * * *
The Executioner hits you.
* * * LOW HITPOINT WARNING * * *
You block the Executioner's attack. The Executioner hits you!
* * * LOW HITPOINT WARNING * * *
The Executioner hits you.
* * * LOW HITPOINT WARNING * * *
Aizul casts a spell at you.
The poison arrow hits you but does no damage.
You are more poisoned.
The black mamba completely misses you. The naga warrior spits poison at you.
The splash of poison hits you. You resist.
* * * LOW HITPOINT WARNING * * *
The Executioner barely misses you. x2
The Executioner hits you but does no damage.
The naga sharpshooter casts a spell.
The naga sharpshooter magically shoots a bolt.
The bolt hits you!!
You die...

#. #. ## ∆ .# #.. #.
... .####.#
#####.### .......
#.......# ##.....##
#.......#
........###<......#
###...S.@<)N..(...#
##...1S##N......#.
#...H.###.........
............*......
.....##..>..^.......
.<..#$.............#
.... .##S.........##
.. ......$.##.N#
..##.....# #.N.


You could see Aizul, Asterion (fast), a naga warrior (catching breath), a naga
sharpshooter, an Executioner (summoned, fast) and a black mamba.

Vanquished Creatures
  An orc warlord (Orc:2)
  A stone giant (Orc:2)
  Harold (Orc:1)
  3 ice dragons
  5 hydras
  2 naga warriors (Snake:1)
  6 death yaks (Lair:6)
  A two-headed ogre (D:8)
  An anaconda (Snake:1)
  13 spriggans (Lair:6)
  4 orc high priests (Orc:2)
  Nergalle (D:10)
  A naga ritualist (Snake:1)
  4 orc knights
  4 lindwurms
  5 orc sorcerers
  An ugly thing (D:7)
  A mana viper (Snake:1)
  A manticore (Lair:3)
  3 salamanders (Snake:1)
  23 elephants
  A naga mage (Snake:1)
  A toenail golem (Volcano)
  13 black mambas
  2 guardian serpents (Snake:1)
  Psyche (D:8)
  A torpor snail (Lair:6)
  9 cane toads
  3 molten gargoyles (Volcano)
  7 rime drakes
  2 ice statues (IceCv)
  A kobold demonologist (D:11)
  2 efreet (Volcano)
  8 komodo dragons
  A wind drake (Lair:3)
  4 hornets (Lair:6)
  10 polar bears
  2 trolls
  26 blink frogs
  2 dream sheep (Lair:6)
  49 yaks
  A wraith (D:10)
  A basilisk (Lair:1)
  4 fire elementals (Volcano)
  2 insubstantial wisps (D:8)
  2 steam dragons
  10 nagas
  2 wargs
  Menkaure (D:6)
  9 water moccasins
  4 black bears
  24 ice beasts
  44 orc warriors
  4 sky beasts
  2 phantoms
  26 wolves
  5 boggarts (Lair:6)
  A centaur (D:6)
  6 ogres
  An earth elemental (Volcano)
  A big kobold (D:10)
  15 bullfrogs
  8 killer bees
  4 scorpions
  7 wights
  3 howler monkeys
  A centaur zombie (D:5)
  A quasit (D:6)
  4 crimson imps (D:5)
  4 bullfrog zombies
  8 hounds
  A bullfrog skeleton (D:8)
  20 orc priests
  3 centaur skeletons
  2 iguanas
  30 orc wizards
  6 worker ants
  2 hound skeletons
  2 worker ant zombies
  A howler monkey zombie (D:9)
  5 gnolls
  9 adders
  3 white imps (Lair:4)
  An ufetubus (D:6)
  An adder skeleton (D:9)
  A worm (D:2)
  2 dart slugs
  2 leopard geckos
  81 orcs
  3 bats
  4 giant cockroaches
  5 goblins
  10 hobgoblins
  5 jackals
  9 kobolds
  4 quokkas
  A ball python (D:3)
  3 frilled lizards
  A jackal zombie (D:7)
  2 quokka skeletons
  A quokka zombie (D:8)
  7 rats
  2 bushes (Lair:6)
  3 fire vortices (Volcano)
  A fulminant prism (Orc:2)
665 creatures vanquished.

Vanquished Creatures (others)
  A molten gargoyle (Volcano)
  A bush (Lair:4)
  A fire vortex (Volcano)
  492 fulminant prisms
  134 fungi
  136 plants
765 creatures vanquished.

Grand Total: 1430 creatures vanquished

Notes
Turn   | Place    | Note
-------+----------+-------------------------------------------
     0 | D:1      | robertstho the Gnoll Conjurer began the quest for the Orb.
     0 | D:1      | Reached XP level 1. HP: 13/13 MP: 6/6
   271 | D:1      | Reached XP level 2. HP: 19/19 MP: 5/7
   838 | D:2      | Learned a level 2 spell: Searing Ray
   902 | D:2      | Reached XP level 3. HP: 25/25 MP: 3/9
   908 | D:2      | Reached skill level 5 in Spellcasting
  1309 | D:2      | Reached skill level 1 in Invocations
  1426 | D:2      | Reached skill level 1 in Fighting
  1426 | D:2      | Reached skill level 1 in Short Blades
  1426 | D:2      | Reached skill level 1 in Long Blades
  1426 | D:2      | Reached skill level 1 in Axes
  1426 | D:2      | Reached skill level 1 in Maces & Flails
  1426 | D:2      | Reached skill level 1 in Polearms
  1426 | D:2      | Reached skill level 1 in Staves
  1426 | D:2      | Reached skill level 1 in Slings
  1426 | D:2      | Reached skill level 1 in Bows
  1426 | D:2      | Reached skill level 1 in Crossbows
  1426 | D:2      | Reached skill level 1 in Throwing
  1426 | D:2      | Reached skill level 1 in Armour
  1426 | D:2      | Reached skill level 1 in Shields
  1426 | D:2      | Reached skill level 1 in Unarmed Combat
  1426 | D:2      | Reached skill level 1 in Evocations
  1573 | D:2      | Found an opulent altar of Gozag.
  1731 | D:3      | Reached XP level 4. HP: 32/32 MP: 11/11
  1900 | D:3      | Reached skill level 1 in Hexes
  1900 | D:3      | Reached skill level 1 in Summonings
  1900 | D:3      | Reached skill level 1 in Necromancy
  1900 | D:3      | Reached skill level 1 in Translocations
  1900 | D:3      | Reached skill level 1 in Transmutations
  1900 | D:3      | Reached skill level 1 in Fire Magic
  1900 | D:3      | Reached skill level 1 in Ice Magic
  1900 | D:3      | Reached skill level 1 in Air Magic
  1900 | D:3      | Reached skill level 1 in Earth Magic
  1900 | D:3      | Reached skill level 1 in Poison Magic
  2231 | D:3      | Found an ornate altar of the Wu Jian Council.
  2493 | D:3      | Found a glowing silver altar of Zin.
  2807 | D:4      | Reached XP level 5. HP: 37/37 MP: 12/12
  2858 | D:4      | Found a hazy altar of Hepliaklqana.
  2932 | D:4      | Noticed a phantom
  2961 | D:4      | Killed a phantom
  2962 | D:4      | Reached XP level 6. HP: 20/44 MP: 3/14
  3198 | D:4      | Reached skill level 5 in Dodging
  3866 | D:5      | Entered Level 5 of the Dungeon
  3985 | D:5      | Reached XP level 7. HP: 50/50 MP: 7/15
  4626 | D:5      | Found a shimmering altar of Xom.
  4847 | D:5      | Reached skill level 5 in Stealth
  5221 | D:6      | Found the brooch of Shielding {Spirit SH+8}
  5390 | D:6      | Reached XP level 8. HP: 46/57 MP: 7/16
  5676 | D:6      | Found a shimmering blue altar of Sif Muna.
  5680 | D:6      | Noticed Menkaure
  5686 | D:6      | Became a worshipper of Sif Muna the Loreminder
  5760 | D:6      | Killed Menkaure
  5936 | D:6      | Found an iron altar of Okawaru.
  5992 | D:6      | Found a staircase to the Ecumenical Temple.
  6225 | D:7      | Found a stormy altar of Qazlal.
  6227 | D:7      | Noticed a brown ugly thing
  6230 | D:7      | Found a transporter.
  6308 | D:7      | Got an ancient whip
  6308 | D:7      | Identified the +7 whip "Ewaijaost" {flame, *Corrode +Rage
                  | Dex-2 SInv} (You found it on level 7 of the Dungeon)
  6499 | D:7      | Found a transporter.
  6556 | D:7      | Found a white marble altar of Elyvilon.
  6614 | D:7      | Reached XP level 9. HP: 65/65 MP: 18/18
  6817 | D:7      | Found a glowing golden altar of the Shining One.
  7111 | D:8      | Reached * piety under Sif Muna
  7173 | D:8      | Found a flagged portal.
  7197 | Bailey   | Entered a bailey
  7233 | Bailey   | Learned a level 3 spell: Dazzling Flash
  7238 | Bailey   | Learned a level 4 spell: Fulminant Prism
  7243 | Bailey   | Learned a level 4 spell: Iskenderun's Mystic Blast
  7245 | Bailey   | Learned a level 1 spell: Apportation
  8349 | Bailey   | Noticed an orc knight
  8369 | Bailey   | Killed an orc knight
  8370 | Bailey   | Reached skill level 5 in Invocations
  8528 | Bailey   | Reached XP level 10. HP: 73/73 MP: 8/20
  8735 | D:8      | Noticed a two-headed ogre
  8744 | D:8      | Killed a two-headed ogre
  8745 | D:8      | Reached skill level 5 in Fighting
  8745 | D:8      | Reached skill level 5 in Short Blades
  8745 | D:8      | Reached skill level 5 in Long Blades
  8745 | D:8      | Reached skill level 5 in Axes
  8745 | D:8      | Reached skill level 5 in Maces & Flails
  8745 | D:8      | Reached skill level 5 in Polearms
  8745 | D:8      | Reached skill level 5 in Staves
  8745 | D:8      | Reached skill level 5 in Slings
  8745 | D:8      | Reached skill level 5 in Bows
  8745 | D:8      | Reached skill level 5 in Crossbows
  8745 | D:8      | Reached skill level 5 in Throwing
  8745 | D:8      | Reached skill level 5 in Armour
  8745 | D:8      | Reached skill level 5 in Shields
  8745 | D:8      | Reached skill level 5 in Unarmed Combat
  8745 | D:8      | Reached skill level 5 in Evocations
  8903 | D:8      | Noticed Psyche
  8913 | D:8      | Killed Psyche
  9034 | D:8      | Found Ugoupue's Book Shoppe.
  9037 | D:8      | Found Taatag's Antique Weapon Boutique.
  9899 | D:9      | Found a glowing golden altar of the Shining One.
 10421 | D:9      | Found a staircase to the Lair.
 10504 | D:9      | Found a broken altar of Ashenzari.
 10593 | D:9      | Reached XP level 11. HP: 81/81 MP: 22/22
 10653 | D:9      | Found a snail-covered altar of Cheibriados.
 11049 | D:9      | Found a staircase to the Orcish Mines.
 11410 | D:10     | Entered Level 10 of the Dungeon
 11569 | D:10     | Reached ** piety under Sif Muna
 11570 | D:10     | Noticed Nergalle
 11586 | D:10     | Killed Nergalle
 11587 | D:10     | Reached skill level 5 in Hexes
 11587 | D:10     | Reached skill level 5 in Summonings
 11587 | D:10     | Reached skill level 5 in Necromancy
 11587 | D:10     | Reached skill level 5 in Translocations
 11587 | D:10     | Reached skill level 5 in Transmutations
 11587 | D:10     | Reached skill level 5 in Fire Magic
 11587 | D:10     | Reached skill level 5 in Ice Magic
 11587 | D:10     | Reached skill level 5 in Air Magic
 11587 | D:10     | Reached skill level 5 in Earth Magic
 11587 | D:10     | Reached skill level 5 in Poison Magic
 11835 | D:10     | Found a runed translucent door.
 11836 | D:10     | Found a runed translucent door.
 12290 | D:11     | Noticed a sun demon
 12551 | D:11     | Found an iron altar of Okawaru.
 13545 | D:12     | Noticed Frances
 13545 | D:12     | Noticed a cyclops
 13612 | Lair:1   | Entered Level 1 of the Lair of Beasts
 13928 | Lair:1   | Reached XP level 12. HP: 49/89 MP: 4/24
 14090 | Lair:1   | Reached *** piety under Sif Muna
 14199 | Lair:1   | Found a basalt altar of Yredelemnul.
 16297 | Lair:3   | Found a staircase to the Shoals.
 17727 | Lair:4   | Noticed a six-headed hydra
 17737 | Lair:4   | Noticed a five-headed hydra
 17737 | Lair:4   | Killed a six-headed hydra
 17871 | Lair:4   | Reached XP level 13. HP: 44/98 MP: 26/26
 18465 | Lair:4   | Noticed an ice dragon
 18482 | Lair:4   | Killed an ice dragon
 18898 | Lair:4   | Reached **** piety under Sif Muna
 19042 | Lair:4   | Found a staircase to the Snake Pit.
 19902 | Lair:5   | Reached skill level 10 in Conjurations
 19951 | Lair:5   | Found a frozen archway.
 19971 | IceCv    | Entered an ice cave
 20380 | IceCv    | Upgraded the game from 0.26-a0-835-g8259106e14 to
                  | 0.26-a0-844-g3dd439832f
 20600 | IceCv    | Noticed an ice dragon
 20602 | IceCv    | Noticed an ice dragon
 20692 | IceCv    | Killed an ice dragon
 20693 | IceCv    | Reached skill level 10 in Spellcasting
 20901 | IceCv    | Got a twitching ivory ring
 20954 | IceCv    | Identified the ring of Vynlukh {Wiz rPois rF+ Str-3 Int+2}
                  | (You found it in an ice cave)
 20980 | IceCv    | Killed an ice dragon
 22091 | Lair:6   | Entered Level 6 of the Lair of Beasts
 22620 | Lair:6   | Reached XP level 14. HP: 97/106 MP: 9/28
 22627 | Lair:6   | Reached skill level 10 in Dodging
 23161 | Lair:6   | Reached ***** piety under Sif Muna
 23303 | Lair:6   | Reached skill level 10 in Stealth
 23705 | Lair:6   | Reached skill level 10 in Invocations
 23889 | Lair:6   | Identified Sif Muna's Volume of Damaging Evil Arts (Sif
                  | Muna gifted it to you on level 6 of the Lair of Beasts)
 23889 | Lair:6   | Received a gift from Sif Muna
 24060 | Lair:6   | Found a viscous altar of Jiyva.
 24060 | Lair:6   | Found a staircase to the Slime Pits.
 26335 | D:8      | Bought a transparent quarterstaff for 333 gold pieces
 26335 | D:8      | Identified the +2 quarterstaff of the Harvest {vorpal,
                  | *Rage rPois MP+9 Dex+6} (You bought it in a shop on level 8
                  | of the Dungeon)
 26339 | D:8      | Learned a level 2 spell: Sublimation of Blood
 26346 | D:8      | Learned a level 6 spell: Starburst
 26417 | Orc:1    | Entered Level 1 of the Orcish Mines
 26522 | Orc:2    | Entered Level 2 of the Orcish Mines
 26522 | Orc:2    | Found Wapnunel's Weapon Emporium.
 26545 | Orc:2    | Found a staircase to the Elven Halls.
 26571 | Orc:2    | Reached XP level 15. HP: 107/115 MP: 7/29
 26592 | Orc:2    | Found a dark tunnel.
 26602 | Volcano  | Entered a volcano
 27058 | Volcano  | Identified Pateiv's Grimoire of Damaging Evil (Sif Muna
                  | gifted it to you in a volcano)
 27058 | Volcano  | Received a gift from Sif Muna
 28370 | Orc:2    | Reached skill level 10 in Fighting
 28370 | Orc:2    | Reached skill level 10 in Short Blades
 28370 | Orc:2    | Reached skill level 10 in Long Blades
 28370 | Orc:2    | Reached skill level 10 in Axes
 28370 | Orc:2    | Reached skill level 10 in Maces & Flails
 28370 | Orc:2    | Reached skill level 10 in Polearms
 28370 | Orc:2    | Reached skill level 10 in Staves
 28370 | Orc:2    | Reached skill level 10 in Slings
 28370 | Orc:2    | Reached skill level 10 in Bows
 28370 | Orc:2    | Reached skill level 10 in Crossbows
 28370 | Orc:2    | Reached skill level 10 in Throwing
 28370 | Orc:2    | Reached skill level 10 in Armour
 28370 | Orc:2    | Reached skill level 10 in Shields
 28370 | Orc:2    | Reached skill level 10 in Unarmed Combat
 28370 | Orc:2    | Reached skill level 10 in Evocations
 28742 | Orc:2    | Found Maror's General Store.
 28743 | Orc:2    | Found Akabrax's Jewellery Emporium.
 28744 | Orc:2    | Found Xieloufu's Antique Armour Shoppe.
 28744 | Orc:2    | Found Dicyikoe's Antique Weapon Shoppe.
 28758 | Orc:2    | Bought a scroll of identify for 28 gold pieces
 28758 | Orc:2    | Bought a scroll of identify for 28 gold pieces
 28758 | Orc:2    | Bought a scroll of identify for 28 gold pieces
 28758 | Orc:2    | Bought a scroll of teleportation for 42 gold pieces
 28769 | Orc:2    | Bought an uncursed amulet of reflection for 450 gold pieces
 29144 | Orc:2    | Noticed an orc warlord
 29164 | Orc:2    | Killed an orc warlord
 29413 | Orc:2    | Identified Elaosm's Compendium of Supportive Poisoning (Sif
                  | Muna gifted it to you on level 2 of the Orcish Mines)
 29413 | Orc:2    | Received a gift from Sif Muna
 30402 | Orc:1    | Found a bloodstained altar of Trog.
 30408 | Orc:1    | Noticed Harold
 30414 | Orc:1    | Killed Harold
 30685 | Snake:1  | Entered Level 1 of the Snake Pit
 31169 | Snake:1  | Learned a level 5 spell: Bolt of Magma
 31177 | Snake:1  | Learned a level 7 spell: Orb of Destruction
 31788 | Snake:1  | Found Umauwaen's Gadget Shoppe.
 31788 | Snake:1  | Found Ytygef's Distillery.
 31847 | Snake:1  | Bought a potion of heal wounds for 55 gold pieces
 31847 | Snake:1  | Bought a potion of heal wounds for 55 gold pieces
 31847 | Snake:1  | Bought a potion of heal wounds for 55 gold pieces
 32247 | Snake:2  | Noticed Aizul
 32255 | Snake:2  | Identified the +3 kite shield "Haopoffa" {rN+ Int+2}
 32255 | Snake:2  | Noticed Asterion
 32258 | Snake:2  | Noticed an Executioner
 32261 | Snake:2  | HP: 5/116 [Executioner[Asterion] (8)]
 32261 | Snake:2  | HP: 1/116 [naga warrior/splash of poison (2)]
 32261 | Snake:2  | Shot with a bolt by a naga sharpshooter

Illustrated notes

Levels and vault maps discovered:
D:1:      lightli_arrival_maybe_door_vault, layout_loops_cross
D:2:      layout_loops_ring, nicolae_gozag_cash_rules_everything_around_me
D:3:      layout_basic, marbit_many_paths, old_standard_altar
D:4:      layout_basic, general_overflow_altar
D:5:      layout_gridville, led_xom_imps
D:6:      layout_rooms, led_sif_book, nicolae_overflow_crystal_walls,
          uniq_menkaure
D:7:      layout_basic, gammafunk_temple_overflow_arena, tso_altar,
          lemuel_round_altar
D:8:      layout_basic, enter_bailey_7, serial_shops, kennysheep_mini_moat,
          nicolae_shop_stone, hangedman_misty_isle, uniq_psyche
D:9:      layout_long_grid, cheibrodos_ashenzari_chains,
          overflow_temple_1_default, due_lair_maze_entry_diamond, david_orc_4,
          basic_altar
D:10:     lemuel_insect_pit, layout_loops_cross, uniq_nergalle
D:11:     layout_small_grid, basic_altar
D:12:     layout_cave_pods, serial_shops, bzr_entry_road,
          small_statue_intersection, uniq_frances
Lair:1:   layout_hall_layers, basic_altar, lemuel_fruit_tree
Lair:2:   layout_small_grid, st_stairs_4, infiniplex_staircase_pool_2
Lair:3:   layout_layer_cave, minmay_shoals_entry_beasts
Lair:4:   layout_roguey, guppyfry_snake_entry_island, bobbens_ice_dragon_lair
Lair:5:   layout_regular_city, portal_ice_cave_entry_ice_beasts,
          serial_bayou_crossing
Lair:6:   minmay_lair_end_enchanted_forest, layout_loops_ring,
          dpeg_slime_entry_enclosed_altar
Snake:1:  layout_grid_shapes, minmay_shoptagon, grunt_megastairs_1
Snake:2:  layout_rooms, uniq_asterion, uniq_aizul
Orc:1:    layout_diamond_mine, basic_altar, uniq_harold
Orc:2:    st_orc_congregation, layout_caves, serial_shops, shop,
          nicolae_volcano_entry_vermiform

Skill      XL: |  1  2  3  4  5  6  7  8  9 10 11 12 13 14 15 |
---------------+----------------------------------------------+-----
Spellcasting   | 5 6 7 8 9 10 11 | 11.3
Invocations    | 1 2 3 4 5 6 7 8 9 10 11 | 11.2
Fighting       | 1 2 3 4 5 6 7 8 9 10 | 10.3
Short Blades   | 1 2 3 4 5 6 7 8 9 10 | 10.3
Long Blades    | 1 2 3 4 5 6 7 8 9 10 | 10.3
Axes           | 1 2 3 4 5 6 7 8 9 10 | 10.3
Maces & Flails | 1 2 3 4 5 6 7 8 9 10 | 10.3
Polearms       | 1 2 3 4 5 6 7 8 9 10 | 10.3
Staves         | 1 2 3 4 5 6 7 8 9 10 | 10.3
Slings         | 1 2 3 4 5 6 7 8 9 10 | 10.3
Bows           | 1 2 3 4 5 6 7 8 9 10 | 10.3
Crossbows      | 1 2 3 4 5 6 7 8 9 10 | 10.3
Throwing       | 1 2 3 4 5 6 7 8 9 10 | 10.3
Armour         | 1 2 3 4 5 6 7 8 9 10 | 10.3
Shields        | 1 2 3 4 5 6 7 8 9 10 | 10.3
Unarmed Combat | 1 2 3 4 5 6 7 8 9 10 | 10.3
Evocations     | 1 2 3 4 5 6 7 8 9 10 | 10.3
Hexes          | 1 2 3 4 5 6 7 8 |  8.7
Summonings     | 1 2 3 4 5 6 7 8 |  8.7
Necromancy     | 1 2 3 4 5 6 7 8 |  8.7
Translocations | 1 2 3 4 5 6 7 8 |  8.7
Transmutations | 1 2 3 4 5 6 7 8 |  8.7
Fire Magic     | 1 2 3 4 5 6 7 8 |  8.7
Ice Magic      | 1 2 3 4 5 6 7 8 |  8.7
Air Magic      | 1 2 3 4 5 6 7 8 |  8.7
Earth Magic    | 1 2 3 4 5 6 7 8 |  8.7
Poison Magic   | 1 2 3 4 5 6 7 8 |  8.7
Dodging        | 5 6 7 8 9 10 11 | 11.2
Stealth        | 5 6 7 8 9 10 11 | 11.1
Conjurations   | 8 9 10 11 | 11.1

Action                   |  1- 3 |  4- 6 |  7- 9 | 10-12 | 13-15 || total
-------------------------+-------+-------+-------+-------+-------++-------
Melee: Dagger            |    25 |    41 |   133 |       |       ||   199
       Bite              |       |     1 |    13 |     1 |     4 ||    19
       Whip              |       |       |    37 |    11 |    20 ||    68
       Punch             |       |       |     2 |       |       ||     2
       Quarterstaff      |       |       |       |       |    17 ||    17
 Fire: Arbalest          |       |       |    17 |   198 |   115 ||   330
Throw: Dart              |       |       |       |       |     1 ||     1
 Cast: Magic Dart        |    15 |       |       |       |     1 ||    16
       Searing Ray       |    11 |    11 |    29 |    46 |    91 ||   188
       Fulminant Prism   |       |       |    35 |   120 |   339 ||   494
       Iskenderun's Myst |       |       |       |    16 |    70 ||    86
       Dazzling Flash    |       |       |       |     2 |       ||     2
       Starburst         |       |       |       |       |     9 ||     9
       Sublimation of Bl |       |       |       |       |     2 ||     2
       Orb of Destructio |       |       |       |       |     2 ||     2
Invok: Channel Magic     |       |       |     5 |    11 |    17 ||    33
 Abil: Evoke Berserk Rag |       |       |       |     1 |       ||     1
Evoke: Condenser vane    |       |       |       |       |     1 ||     1
  Use: Scroll            |       |       |     8 |     8 |    18 ||    34
       Potion            |       |       |       |     1 |     2 ||     3
 Stab: Sleeping          |     6 |     8 |     3 |       |       ||    17
       Invisible         |       |       |     1 |       |       ||     1
Armor: Robe              |     3 |     8 |    67 |    69 |    77 ||   224
       Ice dragon scales |       |       |       |       |     5 ||     5
Dodge: Dodged            |     9 |    27 |   161 |   172 |   281 ||   650
Block: Other             |       |       |    30 |   100 |   108 ||   238
       Reflection        |       |       |       |       |     3 ||     3
       Rpst.: Long sword |       |       |     2 |       |       ||     2

Table legend: (Time is in decaauts)
 A = Elapsed time spent in this place.
 B = Non-inter-level travel time spent in this place.
 C = Inter-level travel time spent in this place.
 D = Time resting spent in this place.
 E = Time spent auto-exploring this place.
 F = Levels seen in this place.
 G = Mean time per level.
                   A        B        C        D        E       F      G
               +--------+--------+--------+--------+--------+-----+--------+
         Total |  32439 |  31065 |   1374 |   4055 |  21718 |  25 | 1297.6 |
       Dungeon |  12430 |  11786 |    644 |    356 |   9656 |  12 | 1035.8 |
          Lair |  11284 |  10717 |    567 |   1909 |   7079 |   6 | 1880.7 |
     Snake Pit |   1587 |   1557 |     30 |    139 |   1219 |   2 |  793.5 |
  Orcish Mines |   3408 |   3276 |    132 |    460 |   2153 |   2 | 1704.0 |
        Bailey |   1539 |   1539 |      0 |    130 |   1055 |   1 | 1539.0 |
      Ice Cave |   1461 |   1461 |      0 |    782 |    289 |   1 | 1461.0 |
       Volcano |    729 |    729 |      0 |    279 |    265 |   1 |  729.0 |
               +--------+--------+--------+--------+--------+-----+--------+

Top non-repeatable levels by time:
  Lair:6: 3116 daAuts
   Orc:2: 2717 daAuts
  Lair:3: 2082 daAuts
  Lair:5: 2041 daAuts
     D:9: 1646 daAuts
  Lair:4: 1642 daAuts
 Snake:1: 1544 daAuts
  Bailey: 1539 daAuts
   IceCv: 1461 daAuts
     D:8: 1436 daAuts
     D:5: 1332 daAuts
  Lair:1: 1312 daAuts
    D:11: 1141 daAuts
     D:4: 1126 daAuts
  Lair:2: 1089 daAuts
